| TOP OF THE 1ST |
|
Washington Senators batting - Pitching for Philadelphia (DL) Athletics : RHP Brad Penny
|
|
Pitching: RHP Brad Penny
|
|
|
Batting: RHB John Atz
|
0-0: Ground out 6-3 (Groundball, 6, EV 89.4 MPH)
|
|
Batting: SHB Buck Weaver
|
0-0: Fly out, F5 (Line Drive, 5, EV 71.3 MPH)
|
|
Batting: LHB Lou Gehrig
|
0-0: Swinging Strike 0-1: Called Strike 0-2: Ball 1-2: Foul Ball, location: 2F 1-2: Ball 2-2: Foul Ball, location: 2F 2-2: Ground out 1-3 (Groundball, 23, EV 66.3 MPH)
|
| Top of the 1st over - 0 runs, 0 hits, 0 errors, 0 left on base; Washington 0 - Philadelphia (DL) 0 |
| BOTTOM OF THE 1ST |
|
Philadelphia (DL) Athletics batting - Pitching for Washington Senators : LHP Carl Hubbell
|
|
Pitching: LHP Carl Hubbell
|
|
|
Batting: RHB Ron D Jackson
|
0-0: Called Strike 0-1: DOUBLE (Groundball, 5L, EV 106.3 MPH)
|
|
Batting: RHB Bob Robertson
|
0-0: Ball 1-0: Called Strike 1-1: Swinging Strike 1-2: Ground out 1-3 (Groundball, 15, EV 71.3 MPH)
|
|
Batting: LHB George Grantham
|
0-0: Ball 1-0: Ball 2-0: Ball 3-0: Called Strike 3-1: Foul Ball, location: 2F 3-2: Fly out, F6 (Flyball, 5D, EV 82.5 MPH)
|
|
Batting: RHB Corey Hart
|
0-0: Ball 1-0: Called Strike 1-1: DOUBLE (Flyball, 8LXD, EV 112.5 MPH) Ron D Jackson scores
|
|
Batting: RHB Pug Griffin
|
0-0: Ball 1-0: Called Strike 1-1: Ball 2-1: Fly out, F7 (Flyball, 78D, EV 104.4 MPH)
|
| Bottom of the 1st over - 1 run, 2 hits, 0 errors, 1 left on base; Washington 0 - Philadelphia (DL) 1 |
| TOP OF THE 2ND |
|
Washington Senators batting - Pitching for Philadelphia (DL) Athletics : RHP Brad Penny
|
|
Batting: RHB Tillie Walker
|
0-0: Called Strike 0-1: Fly out, F8 (Flyball, 8RD, EV 92.5 MPH)
|
|
Batting: LHB Paul Waner
|
0-0: Fly out, F8 (Line Drive, 8RM, EV 97.5 MPH)
|
|
Batting: RHB Rico Carty
|
0-0: Called Strike 0-1: SINGLE (Line Drive, 9S, EV 103.1 MPH)
|
|
Batting: RHB Harlond Clift
|
0-0: Ball 1-0: Fly out, F3 (Popup, 3SF, EV 83.1 MPH)
|
| Top of the 2nd over - 0 runs, 1 hit, 0 errors, 1 left on base; Washington 0 - Philadelphia (DL) 1 |
| BOTTOM OF THE 2ND |
|
Philadelphia (DL) Athletics batting - Pitching for Washington Senators : LHP Carl Hubbell
|
|
Batting: RHB Rabbit Maranville
|
0-0: Ball 1-0: Fly out, F4 (Popup, 4, EV 76.9 MPH)
|
|
Batting: RHB Jonathan Lucroy
|
0-0: Ball 1-0: Swinging Strike 1-1: Ground out U3 (Groundball, 34, EV 90.0 MPH)
|
|
Batting: LHB Mike Jorgensen
|
0-0: Ball 1-0: Foul Ball, location: 2F 1-1: Ball 2-1: Fly out, F8 (Flyball, 8LM, EV 93.8 MPH)
|
| Bottom of the 2nd over - 0 runs, 0 hits, 0 errors, 0 left on base; Washington 0 - Philadelphia (DL) 1 |
| TOP OF THE 3RD |
|
Washington Senators batting - Pitching for Philadelphia (DL) Athletics : RHP Brad Penny
|
|
Batting: RHB Ellie Rodriguez
|
0-0: Ball 1-0: Foul Ball, location: 2F 1-1: Called Strike 1-2: Ground out 6-3 (Groundball, 6, EV 86.9 MPH)
|
|
Batting: RHB Carl Hubbell
|
0-0: Fly out, F9 (Line Drive, 9, EV 96.3 MPH)
|
|
Batting: RHB John Atz
|
0-0: Ball 1-0: Swinging Strike 1-1: Ball 2-1: Called Strike 2-2: Ball 3-2: Ground out 4-3 (Groundball, 4MD, EV 100.0 MPH)
|
| Top of the 3rd over - 0 runs, 0 hits, 0 errors, 0 left on base; Washington 0 - Philadelphia (DL) 1 |
| BOTTOM OF THE 3RD |
|
Philadelphia (DL) Athletics batting - Pitching for Washington Senators : LHP Carl Hubbell
|
|
Batting: RHB Brad Penny
|
0-0: Ball 1-0: Called Strike 1-1: Ball 2-1: Foul Ball, location: 2F 2-2: Fly out, F7 (Flyball, 78D, EV 96.3 MPH)
|
|
Batting: RHB Ron D Jackson
|
0-0: Ball 1-0: SINGLE (Line Drive, 34D, EV 96.3 MPH)
|
|
Batting: RHB Bob Robertson
|
0-0: Ball Ron D Jackson is caught stealing 2nd base 2-4 1-0: Called Strike 1-1: Ball 2-1: Foul Ball, location: 2F 2-2: Foul Ball, location: 2F 2-2: Ball 3-2: Foul Ball, location: 2F 3-2: DOUBLE (Line Drive, 89D, EV 101.9 MPH)
|
|
Batting: LHB George Grantham
|
0-0: Foul Ball, location: 2F 0-1: Ball 1-1: Foul Ball, location: 2F 1-2: Strikes out swinging
|
| Bottom of the 3rd over - 0 runs, 2 hits, 0 errors, 1 left on base; Washington 0 - Philadelphia (DL) 1 |
| TOP OF THE 4TH |
|
Washington Senators batting - Pitching for Philadelphia (DL) Athletics : RHP Brad Penny
|
|
Batting: SHB Buck Weaver
|
0-0: Ball 1-0: Ground out 4-3 (Groundball, 4D, EV 105.6 MPH)
|
|
Batting: LHB Lou Gehrig
|
0-0: Ball 1-0: Ball 2-0: Foul Ball, location: 2F 2-1: Called Strike 2-2: Strikes out swinging
|
|
Batting: RHB Tillie Walker
|
0-0: Ball 1-0: Ball 2-0: Called Strike 2-1: Ball 3-1: Foul Ball, location: 2F 3-2: Foul Ball, location: 2F 3-2: Strikes out looking
|
| Top of the 4th over - 0 runs, 0 hits, 0 errors, 0 left on base; Washington 0 - Philadelphia (DL) 1 |
| BOTTOM OF THE 4TH |
|
Philadelphia (DL) Athletics batting - Pitching for Washington Senators : LHP Carl Hubbell
|
|
Batting: RHB Corey Hart
|
0-0: Ball 1-0: Called Strike 1-1: Foul Ball, location: 2F 1-2: Foul Ball, location: 2F 1-2: Foul Ball, location: 2F 1-2: Fly out, F7 (Flyball, 7LS, EV 96.3 MPH)
|
|
Batting: RHB Pug Griffin
|
0-0: Called Strike 0-1: Ball 1-1: Ground out 6-3 (Groundball, 56, EV 81.3 MPH)
|
|
Batting: RHB Rabbit Maranville
|
0-0: DOUBLE (Flyball, 8LXD, EV 90.0 MPH)
|
|
Batting: RHB Jonathan Lucroy
|
0-0: Foul Ball, location: 2F 0-1: Fly out, F7 (Line Drive, 7, EV 91.3 MPH)
|
| Bottom of the 4th over - 0 runs, 1 hit, 0 errors, 1 left on base; Washington 0 - Philadelphia (DL) 1 |
| TOP OF THE 5TH |
|
Washington Senators batting - Pitching for Philadelphia (DL) Athletics : RHP Brad Penny
|
|
Batting: LHB Paul Waner
|
0-0: Ball 1-0: Ball 2-0: Called Strike 2-1: Ball 3-1: Foul Ball, location: 2F 3-2: Fly out, F9 (Flyball, 9LM, EV 88.8 MPH)
|
|
Batting: RHB Rico Carty
|
0-0: Called Strike 0-1: Ball 1-1: Ball 2-1: Foul Ball, location: 2F 2-2: Fly out, F7 (Flyball, 7S, EV 71.3 MPH)
|
|
Batting: RHB Harlond Clift
|
0-0: Called Strike 0-1: Ball 1-1: Foul Ball, location: 2F 1-2: Ball 2-2: Foul Ball, location: 2F 2-2: Foul Ball, location: 2F 2-2: DOUBLE (Line Drive, 7LM, EV 114.4 MPH)
|
|
Batting: RHB Ellie Rodriguez
|
0-0: Intentional Walk
|
|
Batting: RHB Carl Hubbell
|
0-0: Called Strike 0-1: Ball 1-1: Ground out 3-1 (Groundball, 34, EV 81.3 MPH)
|
| Top of the 5th over - 0 runs, 1 hit, 0 errors, 2 left on base; Washington 0 - Philadelphia (DL) 1 |
| BOTTOM OF THE 5TH |
|
Philadelphia (DL) Athletics batting - Pitching for Washington Senators : LHP Carl Hubbell
|
|
Batting: LHB Mike Jorgensen
|
0-0: Ball 1-0: Swinging Strike 1-1: SINGLE (Line Drive, 34D, EV 102.5 MPH)
|
|
Batting: RHB Brad Penny
|
0-0: Bunt - Flyout to 23! F3
|
|
Batting: RHB Ron D Jackson
|
0-0: Grounds into double play, 4-6-3 (Groundball, 34, EV 83.8 MPH)
|
| Bottom of the 5th over - 0 runs, 1 hit, 0 errors, 0 left on base; Washington 0 - Philadelphia (DL) 1 |
| TOP OF THE 6TH |
|
Washington Senators batting - Pitching for Philadelphia (DL) Athletics : RHP Brad Penny
|
|
Batting: RHB John Atz
|
0-0: Ball 1-0: Ball 2-0: Called Strike 2-1: Ball 3-1: Called Strike 3-2: Foul Ball, location: 2F 3-2: Fly out, F9 (Line Drive, 9, EV 91.3 MPH)
|
|
Batting: SHB Buck Weaver
|
0-0: Foul Ball, location: 2F 0-1: Foul Ball, location: 2F 0-2: Ball 1-2: Fly out, F6 (Popup, 6, EV 64.4 MPH)
|
|
Batting: LHB Lou Gehrig
|
0-0: Ball 1-0: Swinging Strike 1-1: Foul Ball, location: 2F 1-2: Ball 2-2: Foul Ball, location: 2F 2-2: Foul Ball, location: 2F 2-2: Ball 3-2: Foul Ball, location: 2F 3-2: Foul Ball, location: 2F 3-2: Foul Ball, location: 2F 3-2: Fly out, F4 (Popup, 4D, EV 74.4 MPH)
|
| Top of the 6th over - 0 runs, 0 hits, 0 errors, 0 left on base; Washington 0 - Philadelphia (DL) 1 |
| BOTTOM OF THE 6TH |
|
Philadelphia (DL) Athletics batting - Pitching for Washington Senators : LHP Carl Hubbell
|
|
Batting: RHB Bob Robertson
|
0-0: Called Strike 0-1: Ball 1-1: SINGLE (Flyball, 8RM, EV 87.5 MPH)
|
|
Batting: LHB George Grantham
|
0-0: Foul Ball, location: 2F 0-1: Ball 1-1: Ball 2-1: Grounds into double play, 4-6-3 (Groundball, 4, EV 93.1 MPH)
|
|
Batting: RHB Corey Hart
|
0-0: Ball 1-0: Foul Ball, location: 2F 1-1: Called Strike 1-2: Foul Ball, location: 2F 1-2: Ball 2-2: Ball 3-2: SINGLE (Line Drive, 78M, EV 110.6 MPH)
|
|
Batting: RHB Pug Griffin
|
0-0: Called Strike 0-1: Ball 1-1: Ball 2-1: Ball 3-1: Swinging Strike 3-2: Foul Ball, location: 2F 3-2: Strikes out looking
|
| Bottom of the 6th over - 0 runs, 2 hits, 0 errors, 1 left on base; Washington 0 - Philadelphia (DL) 1 |
| TOP OF THE 7TH |
|
Washington Senators batting - Pitching for Philadelphia (DL) Athletics : RHP Brad Penny
|
|
Batting: RHB Tillie Walker
|
0-0: SINGLE (Line Drive, 34D, EV 111.3 MPH)
|
|
Batting: LHB Paul Waner
|
0-0: Ball 1-0: Grounds into double play, 3-6-3 (Groundball, 3, EV 108.1 MPH)
|
|
Batting: RHB Rico Carty
|
0-0: Ball 1-0: Called Strike 1-1: Ball 2-1: Ball 3-1: Ground out 5-3 (Groundball, 5S, EV 81.9 MPH)
|
| Top of the 7th over - 0 runs, 1 hit, 0 errors, 0 left on base; Washington 0 - Philadelphia (DL) 1 |
| BOTTOM OF THE 7TH |
|
Philadelphia (DL) Athletics batting - Pitching for Washington Senators : LHP Carl Hubbell
|
|
Batting: RHB Rabbit Maranville
|
0-0: Called Strike 0-1: SINGLE (Flyball, 3D, EV 90.0 MPH)
|
|
Batting: RHB Jonathan Lucroy
|
0-0: Called Strike 0-1: Foul Ball, location: 2F 0-2: Ball 1-2: Fly out, F9 (Line Drive, 9, EV 91.9 MPH)
|
|
Batting: LHB Mike Jorgensen
|
0-0: Ball 1-0: Hit by Pitch Rabbit Maranville to second
|
|
Batting: RHB Brad Penny
|
0-0: Sac Bunt to P - play at first, batter OUT! 1-4 Rabbit Maranville to third Mike Jorgensen to second
|
|
Batting: RHB Ron D Jackson
|
0-0: Foul Ball, location: 2F 0-1: Fly out, F9 (Flyball, 9D, EV 86.3 MPH)
|
| Bottom of the 7th over - 0 runs, 1 hit, 0 errors, 2 left on base; Washington 0 - Philadelphia (DL) 1 |
| TOP OF THE 8TH |
|
Washington Senators batting - Pitching for Philadelphia (DL) Athletics : RHP Brad Penny
|
|
Batting: RHB Harlond Clift
|
0-0: Ball 1-0: SINGLE (Popup, 3D, EV 46.3 MPH)
|
|
Batting: RHB Ellie Rodriguez
|
0-0: Ball 1-0: Ball 2-0: Bunt missed! 2-1: Sac Bunt to 5S - play at second, runner OUT! 5-6
|
|
Pinch Hitting: LHB Lee Stevens
|
0-0: Called Strike 0-1: Ball 1-1: Ball 2-1: Foul Ball, location: 2F 2-2: Ball 3-2: Base on Balls Ellie Rodriguez to second
|
|
Pinch Hitting: RHB Kevin Millar
|
0-0: Called Strike 0-1: Called Strike 0-2: Ball 1-2: Ball 2-2: Foul Ball, location: 2F 2-2: Fly out, F7 (Flyball, 7LS, EV 88.8 MPH)
|
|
Pitching: RHP Jonathan Broxton
|
|
|
Batting: SHB Buck Weaver
|
0-0: Swinging Strike 0-1: Ball 1-1: Swinging Strike 1-2: Ball 2-2: Foul Ball, location: 2F 2-2: Foul Ball, location: 2F 2-2: Strikes out swinging
|
| Top of the 8th over - 0 runs, 1 hit, 0 errors, 2 left on base; Washington 0 - Philadelphia (DL) 1 |
| BOTTOM OF THE 8TH |
|
Philadelphia (DL) Athletics batting - Pitching for Washington Senators : LHP Carl Hubbell
|
|
Pitching: RHP Rob Whalen
|
|
|
Now at 2B: Bip Roberts
|
|
|
Batting: RHB Bob Robertson
|
0-0: Called Strike 0-1: Swinging Strike 0-2: Ball 1-2: Strikes out swinging
|
|
Batting: LHB George Grantham
|
0-0: Ball 1-0: Swinging Strike 1-1: Ball 2-1: DOUBLE (Line Drive, 8RD, EV 95.0 MPH)
|
|
Batting: RHB Corey Hart
|
0-0: Intentional Walk
|
|
Batting: RHB Pug Griffin
|
0-0: Ball 1-0: Fielders Choice at 2nd, 4-6 (Groundball, 4, EV 101.3 MPH) George Grantham to third
|
|
Batting: RHB Rabbit Maranville
|
0-0: Ball 1-0: Foul Ball, location: 2F 1-1: Ball 2-1: Ball 3-1: SINGLE (Line Drive, 89S, EV 97.5 MPH) George Grantham scores Pug Griffin to second Runner from 2nd tries for 3rd, SAFE, throw by RF made to third
|
|
Batting: RHB Jonathan Lucroy
|
0-0: Called Strike 0-1: Swinging Strike 0-2: Ball 1-2: Foul Ball, location: 2F 1-2: Foul Ball, location: 2F 1-2: Strikes out swinging
|
| Bottom of the 8th over - 1 run, 2 hits, 0 errors, 2 left on base; Washington 0 - Philadelphia (DL) 2 |
| TOP OF THE 9TH |
|
Washington Senators batting - Pitching for Philadelphia (DL) Athletics : RHP Jonathan Broxton
|
|
Batting: LHB Lou Gehrig
|
0-0: Ball 1-0: Foul Ball, location: 2F 1-1: Foul Ball, location: 2F 1-2: Ball 2-2: Fly out, F9 (Flyball, 89M, EV 83.8 MPH)
|
|
Batting: RHB Tillie Walker
|
0-0: Called Strike 0-1: Called Strike 0-2: Fly out, F8 (Flyball, 8RXD, EV 96.3 MPH)
|
|
|